 Dungeon Crawl Stone Soup version 0.22-a0-274-gf8199ec (webtiles) character file.

8 varam the Sneak (level 2, 0/13 HPs)
             Began as a Spriggan Enchanter on Mar 13, 2018.
             Slain by a jackal (2 damage)
             ... on level 1 of the Dungeon.
             The game lasted 00:01:48 (398 turns).

varam the Sneak (Spriggan Enchanter)                 Turns: 398, Time: 00:01:49

Health: 0/13       AC:  2    Str:  4    XL:     2   Next: 0%
Magic:  5/6        EV: 18    Int: 16    God:
Gold:   0          SH:  0    Dex: 16    Spells: 5/6 levels left

rFire    . . .     SeeInvis +   a - +1 dagger
rCold    . . .     Gourm    .   (shield restricted)
rNeg     . . .     Faith    .   b - +0 robe
rPois    .         Spirit   .   (helmet restricted)
rElec    .         Reflect  .   (no cloak)
rCorr    .         Harm     .   (gloves unavailable)
MR       .....                  (boots unavailable)
Stlth    +++.......             (no amulet)
HPRegen  0.04/turn              (no ring)
MPRegen  0.10/turn              (no ring)

@: very quick
A: very small, unfitting armour, see invisible, herbivore, speed 3, slow
metabolism 2
a: no special abilities


You were on level 1 of the Dungeon.
You were not hungry.

You visited 1 branch of the dungeon, and saw 2 of its levels.

Inventory:

Hand Weapons
 a - a +1 dagger (weapon)
Armour
 b - a +0 robe (worn)
Comestibles
 d - a ration


   Skills:
 + Level 1.8 Short Blades
 - Level 3.0 Dodging
 + Level 4.9 Stealth
 - Level 2.6 Spellcasting
 - Level 3.6 Hexes


You had 5 spell levels left.
You knew the following spells:

 Your Spells              Type           Power        Failure   Level  Hunger
a - Corona                Hex            ##.....      4%          1    #......


Dungeon Overview and Level Annotations

Branches:
Dungeon (2/15)

Altars:


Innate Abilities, Weirdness & Mutations

You are very small and have problems with some larger weapons.
You are too small for most types of armour.
You have supernaturally acute eyesight. (SInv)
You are a herbivore.
You cover ground extremely quickly.
You need to consume almost no food.


Message History

You aren't carrying any scrolls.
Unknown command.
It was a potion of magic.
Magic courses through your body. The jackal closely misses you.
The jackal bites you but does no damage.
You completely miss the jackal.
The jackal is heavily wounded.
The jackal closely misses you. x3
You hit the jackal.
You kill the jackal!
You have reached level 2!
The jackal bites you but does no damage.
The jackal misses you.
Casting: Corona (safe; 4% risk of failure)
Confirm with . or Enter, or press ? or * to list all spells.
Aiming: Corona (safe; 4% risk of failure)
Press: ? - help, Shift-Dir - straight line, f - jackal
Aim: a jackal (chance to defeat MR: 67%)
The jackal is outlined in light.
The goblin misses you. The jackal bites you.
You die...

h8#8...## ##.......#.##.#.##
.#=#....####..........##....##
.8#8.......+.................#
..h.....####................#
###.#..## #.......####.#.####
#...## ##.....## #....h.#
###.# ##...## ######.# #.#
##h## #.# #h# #@# #.# #.#
#######g# #h# #.# #.....#.##
#.# #.# #.###....#### #.#
#.####.###..>....## #.#
#........#........# #.#
######.#.#.#......#######.#
#.#.#.##.............#
#.#.........##########


You could see a jackal and a goblin.

Vanquished Creatures
  A giant cockroach (D:1)
  A hobgoblin (D:2)
  3 jackals
  A quokka (D:2)
6 creatures vanquished.

Notes
Turn   | Place    | Note
-------+----------+-------------------------------------------
     0 | D:1      | varam the Spriggan Enchanter began the quest for the Orb.
     0 | D:1      | Reached XP level 1. HP: 9/9 MP: 5/5
   397 | D:1      | Reached XP level 2. HP: 2/13 MP: 6/6
   398 | D:1      | Slain by a jackal

Vault maps used:
D:1:      lightli_arrival_statuegarden, minmay_statues_item, minmay_pentomino_r2
D:2:      cheibrodos_old_hovel, first_ration, minmay_tree_intersection,
          uniq_natasha, uniq_sigmund

Action                   || total
-------------------------++-------
Melee: Dagger            ||    47
 Cast: Corona            ||    10
  Use: Potion            ||     1
 Stab: Sleeping          ||     2
Armor: Robe              ||    10
Dodge: Dodged            ||    58

Table legend:
 A = Spawn XP
 B = Non-spawn XP
 C = Spawn XP percentage of total XP
 D = Spawn monster count
 E = Non-spawn monster count
 F = Spawn count percentage of total count
 G = Total turns spent on level
                    A         B        C        D         E        F      G
               +---------+---------+-------+---------+---------+-------+---------
         Total |       0 |      12 |   0.0 |       0 |       6 |   0.0 |   398
               +---------+---------+-------+---------+---------+-------+---------
           D:1 |       0 |       6 |   0.0 |       0 |       3 |   0.0 |   188
           D:2 |       0 |       6 |   0.0 |       0 |       3 |   0.0 |   210
               +---------+---------+-------+---------+---------+-------+---------
